Map: Last Fantasy LE

Players

UseBrain

  • Race: Protoss Protoss
  • League: Bronze
  • Spawn Location: 7:00

Kkikeur - Winner!

  • Race: Protoss Protoss
  • League: Silver
  • Spawn Location: 3:00

VOD

Have the link to the VOD?

Description

Time

  • Played on: July 18, 2025, 5:37 p.m.
  • Length: 17:27
Show
View Real Time Build Order
Export as new Build Order

UseBrain Protoss 

Build Orders:  

Get SALT Encoding   

  1  0:00  Probe  
  12  0:06  Probe  
  14  0:22  Pylon  
  14  0:32  Probe  
  15  0:44  Probe  
  16  0:51  Gateway  
  16  0:56  Probe  
  17  0:58  Assimilator  
  17  1:12  Probe  
  18  1:24  Assimilator  
  18  1:28  Probe  
  19  1:40  Probe  
  19  1:41  Cybernetics Core  
  19  1:46  Pylon  
  20  1:54  Probe  
  21  2:11  Probe  
  22  2:16  Stalker  
  22  2:21  Nexus  
  24  2:34  Robotics Facility  
  24  2:41  Stalker  
  26  3:00  Stalker  
  26  3:05  Probe  
  29  3:23  Observer  
  34  3:45  Warp Gate  
  34  3:48  Warp Prism  
  29  3:50  Stalker  
  33  4:03  Probe  
  34  4:11  Pylon  
  34  4:14  Pylon  
  34  4:15  Probe  
  35  4:17  Pylon  
  35  4:32  Gateway  
  35  4:33  Gateway  
  35  4:34  Gateway  
  35  4:35  Gateway  
  35  4:41  Gateway  
  35  4:49  Gateway  
  35  4:58  Probe  
  36  5:11  Probe  
  37  5:19  Pylon  
  37  5:24  Pylon  
  37  5:26  Pylon  
  37  5:30  Pylon  
  37  5:42  Twilight Council  
  37  5:43  Probe  
  38  5:55  Probe  
  39  7:01  Zealot x7  
  53  7:31  Templar Archives  
  53  7:33  Zealot x2  
  53  7:34  Zealot x5  
  67  7:53  Assimilator  
  67  7:55  Probe  
  67  7:56  Assimilator  
  68  8:03  Zealot x4  
  68  8:04  Zealot x3  
  82  8:08  Probe  
  82  8:20  Probe  
  82  8:25  High Templar  
  82  8:26  High Templar x6  
  97  8:30  Archon x2  
  97  8:32  Archon, Probe  
  80  9:12  High Templar x3  
  74  9:19  Zealot x4  
  74  9:22  Archon  
  48  9:40  Zealot  
  48  9:41  Zealot x3  
  50  9:55  Zealot x3  
  40  10:13  Probe  
  39  10:24  Zealot x2  
  39  10:25  Probe, Zealot x2  
  48  10:30  Immortal  
  52  10:37  Probe  
  52  10:38  Nexus  
  52  10:42  Robotics Bay  
  53  10:49  Probe  
  54  10:51  Pylon  
  54  10:53  Pylon  
  54  10:54  Zealot x6  
  54  10:55  Zealot, Pylon  
  68  10:59  Pylon  
  68  11:01  Probe  
  69  11:05  Charge  
  69  11:27  Stargate  
  69  11:28  Zealot x3  
  69  11:30  Zealot  
  77  12:04  Probe x2  
  79  12:13  Assimilator  
  79  12:16  Probe x2  
  79  12:18  Assimilator  
  79  12:22  Void Ray  
  85  12:27  Gravitic Boosters  
  85  12:28  Probe x2  
  87  12:40  Probe x2  
  89  12:45  High Templar, Resonating Glaives  
  89  12:46  High Templar x4  
  89  12:50  Archon x2  
  99  12:52  Probe  
  99  12:53  Probe  
  101  13:04  Probe  
  101  13:05  Probe, Void Ray  
  107  13:07  High Templar  
  109  13:16  Probe  
  110  13:20  Archon  
  110  13:24  Gravitic Drive  
  110  13:28  Colossus  
  116  13:38  Probe x2  
  118  14:13  High Templar  
  118  14:14  High Templar  
  118  14:15  High Templar x2  
  126  14:19  Archon  
  126  14:22  Immortal  
  130  14:25  Blink  
  134  14:34  Void Ray  
  134  14:35  Probe x2  
  136  14:47  Probe  
  137  14:56  Archon  
  137  15:03  Immortal  
  141  15:15  Probe  
  142  15:24  Extended Thermal Lance  
  137  15:42  Immortal  
  63  15:59  Stalker x4  
  63  16:00  Stalker x3  
  66  16:22  Immortal  
  66  16:25  Pylon  
  70  16:28  Pylon  
  70  16:29  Pylon  
  70  16:30  Pylon  
  70  16:32  Stalker, Pylon  
  68  16:37  Pylon  
  68  16:38  Pylon x2  
  65  16:40  Pylon  
  57  16:49  Gateway x2  
  51  16:59  Stalker  
  52  17:02  Gateway  
Show
View Real Time Build Order
Export as new Build Order

Kkikeur Protoss - Winner!

Build Orders:  

Get SALT Encoding   

  12  0:01  Probe  
  14  0:14  Probe  
  14  0:26  Probe  
  14  0:27  Pylon  
  15  0:45  Probe  
  15  0:47  Gateway  
  16  0:53  Probe  
  16  0:56  Assimilator  
  17  1:01  Probe  
  18  1:12  Probe  
  19  1:35  Probe  
  21  1:47  Probe, Cybernetics Core  
  21  1:50  Nexus  
  21  1:57  Assimilator  
  21  1:59  Probe  
  22  2:11  Probe  
  23  2:23  Warp Gate  
  23  2:32  Pylon  
  23  2:50  Probe, Adept  
  26  2:59  Gateway  
  26  3:02  Probe  
  27  3:11  Twilight Council  
  27  3:12  Probe  
  28  3:13  Adept  
  28  3:15  Probe  
  29  3:24  Probe  
  33  3:27  Probe  
  33  3:45  Probe  
  33  3:48  Gateway  
  34  3:53  Probe  
  37  3:57  Probe  
  37  4:00  Blink  
  36  4:04  Robotics Facility  
  36  4:06  Probe  
  36  4:09  Probe  
  38  4:20  Probe  
  39  4:24  Probe  
  40  4:33  Probe  
  40  4:35  Stalker x2  
  40  4:36  Probe  
  46  4:44  Pylon  
  45  4:59  Pylon  
  45  5:01  Stargate  
  45  5:10  Stalker x3  
  51  5:17  Immortal  
  51  5:20  Pylon  
  55  5:22  Probe x2  
  61  5:52  Void Ray  
  61  5:54  Assimilator  
  61  5:56  Assimilator  
  61  5:57  Probe  
  61  6:01  Probe  
  63  6:06  Stalker x2  
  63  6:07  Stalker  
  63  6:09  Probe  
  70  6:14  Charge  
  70  6:20  Pylon  
  70  6:22  Pylon  
  70  6:26  Pylon  
  70  6:29  Pylon  
  70  6:31  Pylon  
  70  6:38  Probe x2  
  72  6:45  Nexus  
  72  6:47  Pylon  
  72  6:49  Pylon  
  72  6:50  Probe, Immortal  
  72  6:52  Pylon  
  81  7:25  Forge  
  81  7:28  Void Ray, Stalker, Stargate  
  81  7:29  Stalker  
  85  7:30  Stalker  
  87  7:37  Probe x2  
  89  7:49  Probe x2  
  91  7:52  Fleet Beacon  
  91  7:57  Observer  
  92  8:01  Probe x2  
  92  8:02  Probe  
  95  8:13  Probe  
  95  8:14  Probe x2  
  98  8:58  Assimilator  
  98  9:02  Assimilator  
  90  9:17  Stalker  
  90  9:18  Stalker x2  
  80  9:55  Stalker  
  80  9:56  Stalker x2  
  76  10:05  Gateway  
  76  10:06  Gateway, Void Ray  
  76  10:07  Void Ray  
  82  10:20  Immortal  
  86  10:24  Stalker x2  
  86  10:25  Stalker  
  92  10:59  Immortal  
  96  11:31  Robotics Bay  
  96  11:36  Protoss Ground Weapons Level 1  
  104  11:47  Void Ray x2  
  104  11:54  Pylon  
  104  12:16  Nexus  
  104  12:18  Colossus  
  114  12:30  Void Ray  
  114  12:33  Stalker x2  
  114  12:34  Stalker x2  
  114  12:35  Stalker  
  128  12:46  Void Ray  
  128  12:55  Colossus  
  134  13:15  Flux Vanes  
  134  13:16  Extended Thermal Lance  
  134  13:37  Protoss Ground Armor Level 1  
  134  13:44  Colossus  
  134  13:50  Tempest x2  
  148  14:01  Probe  
  149  14:04  Assimilator  
  149  14:08  Assimilator  
  149  14:09  Pylon  
  149  14:12  Pylon  
  149  14:13  Probe  
  149  14:16  Photon Cannon  
  150  14:18  Photon Cannon  
  150  14:21  Photon Cannon  
  150  14:23  Photon Cannon  
  150  14:25  Probe  
  150  14:26  Disruptor  
  151  14:32  Tempest  
  151  14:33  Tempest  
  151  14:37  Probe  
  164  14:49  Probe  
  165  15:01  Probe  
  166  15:13  Probe  
Tags
 
Matchup
PvP
Spawn Locations
Cross Positions
Add a new tag
Caveats
  • Supply blocks, unpowered buildings, or Contaminate may cause inaccurate times.
  • Supply counts are checked every 10 seconds.